 Dungeon Crawl Stone Soup version 0.27.1-3-gb3d3a73c9e (webtiles) character file.

Game seed: 6963130279213463095

105 Descartes the Covert (level 4, -3/21 (23) HPs)
             Began as a Spriggan Delver on Oct 18, 2021.
             Killed from afar by Natasha (5 damage)
             ... with a magic dart
             ... on level 3 of the Dungeon.
             The game lasted 00:03:26 (2150 turns).

Descartes the Covert (Spriggan Delver)              Turns: 2150, Time: 00:03:26

HP:   -3/21 (23)    AC:  2    Str:  9    XL:     4   Next: 53%
MP:   5/5           EV: 18    Int: 11    God:
Gold: 74            SH:  0    Dex: 16    Spells: 3/3 levels left

rFire    . . .     SeeInvis +   a - +0 short sword
rCold    + . .     Faith    .   (shield restricted)
rNeg     . . .     Spirit   .   b - +0 robe
rPois    +         Reflect  .   (helmet restricted)
rElec    .         Harm     .   (no cloak)
rCorr    .         Rampage  .   (gloves unavailable)
Will     .....                  (boots unavailable)
Stlth    ++++......             (no amulet)
HPRegen  0.07/turn              j - ring of poison resistance
MPRegen  0.09/turn              k - ring of protection from cold

@: drained, very quick
A: very small, no large weapons, unfitting armour, see invisible, speed 3
a: no special abilities


You were on level 3 of the Dungeon.
You visited 1 branch of the dungeon, and saw 3 of its levels.

You collected 74 gold pieces.

Inventory:

Hand Weapons
 a - a +0 short sword (weapon)
Missiles
 n - 4 stones (quivered)
 p - 28 arrows
Armour
 b - a +0 robe (worn)
Jewellery
 j - a ring of poison resistance (left hand)
 k - a ring of protection from cold (right hand)
Wands
 g - a wand of digging (9)
Scrolls
 c - a scroll of fog
 d - 2 scrolls of magic mapping
 e - 2 scrolls of fear
 h - a scroll of enchant weapon {unknown}
 i - a scroll of enchant armour {unknown}
 l - 2 scrolls of identify {unknown}
 m - a scroll of teleportation {unknown}
 o - a scroll of acquirement {unknown}
 q - 3 scrolls of noise {unknown}
Potions
 f - a potion of haste


   Skills:
 - Level 2.4 Fighting
 + Level 3.2 Short Blades
 + Level 3.9 Dodging
 * Level 8.8 Stealth


You had 3 spell levels left.
You didn't know any spells.
Your spell library was empty.

Dungeon Overview and Level Annotations

Branches:
Dungeon (5/15)
 Temple: D:4-7

Altars:

Shops:
D:3 ?

Annotations:
D:3 Natasha
D:4 Edmund


Innate Abilities, Weirdness & Mutations

You are very small and have problems with some larger weapons.
You are too small for most types of armour.
You have supernaturally acute eyesight. (SInv)
You cover ground extremely quickly. (Speed+++)


Message History

You are too injured to fight recklessly!
You closely miss Natasha.
Natasha is heavily wounded.
Natasha misses you.
You hit Natasha.
Natasha is heavily wounded.
Natasha mumbles some strange words.
You barely miss Natasha.
Natasha is heavily wounded.
Natasha claws you!
* * * LOW HITPOINT WARNING * * *
Okay, then.
Found 10 gold pieces and a scroll labelled DUYGER VUTEIXA.
You see here 10 gold pieces.
Found a scroll of fear.
An adder comes into view.
You see here a scroll labelled DUYGER VUTEIXA.
Natasha hisses angrily.
Natasha claws you.
* * * LOW HITPOINT WARNING * * *
The adder hisses angrily.
Natasha growls.
Natasha mumbles some strange words.
Natasha shimmers violently.
There is a stone staircase leading down here.
Natasha mumbles some strange words.
A goblin comes into view. It is wielding a +0 dagger.
The goblin shouts!
The goblin misses you.
You barely miss the goblin. The goblin completely misses you.
You hit the goblin but do no damage. The goblin misses you.
You barely miss the goblin. The goblin closely misses you.
Natasha stares at you and mumbles some strange words.
The magic dart hits you.
* * * LOW HITPOINT WARNING * * *
Natasha casts a spell at you.
You easily resist.
Natasha casts a spell at you. The magic dart hits you.
You die...

#..............#+#.......
#...........Sh.+ +.......
#..............#+#.......
#.......................5
#.......g................
#........................
#...................#....
#..........##.....###.##.
########@#####.#.. #..##.
#.# #...#...###. ..#
......... #. ###.
!......##.##. . #######
.... .. ###. .. ..#


You could see Natasha, an adder and a goblin.

Vanquished Creatures
  A bullfrog (D:4)
  A jelly (D:4)
  An adder zombie (D:5)
  A ball python (D:3)
  3 goblins (D:4)
  2 hobgoblins
  2 kobolds (D:4)
  A quokka (D:4)
  A rat (D:3)
13 creatures vanquished.

Notes
Turn   | Place    | Note
-------+----------+-------------------------------------------
     0 | D:5      | Descartes the Spriggan Delver began the quest for the Orb.
     0 | D:5      | Reached XP level 1. HP: 11/11 MP: 2/2
  1415 | D:4      | Noticed a jelly
  1422 | D:4      | Killed a jelly
  1423 | D:4      | Reached skill level 8 in Stealth
  1423 | D:4      | Reached XP level 2. HP: 16/16 MP: 3/3
  1423 | D:4      | Reached XP level 3. HP: 19/19 MP: 4/4
  1592 | D:4      | Noticed a bullfrog
  1596 | D:4      | Killed a bullfrog
  1597 | D:4      | Reached XP level 4. HP: 23/23 MP: 5/5
  1787 | D:4      | Noticed Edmund
  2028 | D:3      | Found Opasir's Magic Scroll Shoppe.
  2077 | D:3      | Noticed Natasha
  2106 | D:3      | HP: 1/21 [Natasha (3)]
  2150 | D:3      | Killed from afar by Natasha

Illustrated notes

Levels and vault maps discovered:
D:3:      layout_rooms, shapermc_ecumenical_altar_ellora, serial_shops,
          nicolae_shop_trees, shop_scrolls, nicolae_shop_behind_doors, shop,
          uniq_natasha
D:4:      layout_gridville, uniq_edmund
D:5:      layout_loops_ring, nrook_mini_backslash, uniq_grinder, uniq_ijyb

Skill      XL: |  1  2  3 |
---------------+----------+-----
Dodging        | 3 |  3.9
Stealth        | 8 |  8.8
Short Blades   | 3 |  3.2
Fighting       | |  2.4

Action                   |  1- 3 |  4- 6 || total
-------------------------+-------+-------++-------
Melee: Short sword       |    37 |    44 ||    81
 Stab: Sleeping          |     4 |     1 ||     5
Armor: Robe              |     7 |     1 ||     8
Dodge: Dodged            |    33 |    35 ||    68
